 Dungeon Crawl Stone Soup version 0.23.2-33-g5129a83184 (webtiles) character file.

Game seed: 2531816993578079072

256 Aesthetico the Slicer (level 6, -7/37 HPs)
             Began as a Kobold Chaos Knight on July 19, 2019.
             Was a Plaything of Xom.
             Mangled by an ogre
             ... wielding a +0 giant spiked club
              (26 damage)
             ... on level 4 of the Dungeon.
             The game lasted 00:07:10 (2495 turns).

Aesthetico the Slicer (Kobold Chaos Knight)         Turns: 2495, Time: 00:07:11

Health: -7/37      AC:  6    Str: 10    XL:     6   Next: 38%
Magic:  6/6        EV: 15    Int: 13    God:    Xom [....*.]
Gold:   175        SH:  0    Dex: 16    Spells: 5/5 levels left

rFire    . . .     SeeInvis .   a - +0 short sword (chaos)
rCold    . . .     Gourm    .   (shield restricted)
rNeg     . . .     Faith    .   b - +2 leather armour
rPois    .         Spirit   .   (no helmet)
rElec    .         Reflect  .   (no cloak)
rCorr    .         Harm     .   e - +0 pair of gloves
MR       .....                  (no boots)
Stlth    +.........             (no amulet)
HPRegen  0.12/turn              (no ring)
MPRegen  0.10/turn              (no ring)

@: no status effects
A: small, carnivore
a: Renounce Religion


You were on level 4 of the Dungeon.
You worshipped Xom.
You were a beloved toy of Xom.
You were very full.

You visited 1 branch of the dungeon, and saw 4 of its levels.

You collected 175 gold pieces.

Inventory:

Hand Weapons
 a - a +0 short sword of chaos (weapon)
Armour
 b - a +2 leather armour (worn)
 e - a +0 pair of gloves (worn)
Scrolls
 d - a scroll of remove curse
 f - 5 scrolls of identify
 h - 3 scrolls of teleportation
 m - a scroll of immolation {unknown}
Potions
 g - a potion of brilliance {unknown}
 i - a potion of ambrosia {unknown}
 k - a potion of curing {unknown}
 l - a potion of resistance {unknown}
Comestibles
 c - 4 rations
 j - 2 chunks of flesh


   Skills:
 - Level 3.2 Fighting
 + Level 8.8 Short Blades
 - Level 0.7 Armour
 - Level 2.4 Dodging


You had 5 spell levels left.
You didn't know any spells.
Your spell library was empty.

Dungeon Overview and Level Annotations

Branches:
Dungeon (4/15)
 Temple: D:4-7

Altars:
The Shining One


Innate Abilities, Weirdness & Mutations

You are small and have problems with some larger weapons.
You are carnivorous and can eat meat at any time.


Message History

You hit the adder but do no damage.
The adder is poisoned.
The air around the adder burns with energy!
The adder is severely wounded.
The adder closely misses you.
You kill the adder!
Xom's power touches on you for a moment.
You are under the weather.
Xom makes a sudden noise!
You hear an angry buzzing noise.
You are now a beloved toy of Xom.
The ogre misses you.
The rain has left you waist-deep in water!
Splash!
You fall into the shallow water.
Moving in this stuff is going to be slow.
You hit the ogre. You freeze the ogre.
The ogre is lightly wounded.
The ogre hits you with a +0 giant spiked club!!
Ouch! That really hurt!
You die...
Xom cackles wildly!

<.....###.#
....s.....#
......O...#
##......#.#
.....####.# .#.#
#...# # #O### #.
#.########### # #.
#§#...@O≈...# #.#.
###§....###.###
#.#.##≈.≈§.#.###§#
....#≈#####.≈§..#
###..#.# #.#####
#....#.# ###
#.#....# #.....##
#####.#


You could see an ogre.

Vanquished Creatures
  A hound (D:4)
  An orc wizard (D:3)
  2 orc priests (D:3)
  A bullfrog skeleton (D:4)
  2 adders
  An ooze (D:3)
  5 dart slugs
  11 orcs (D:3)
  10 bats
  4 giant cockroaches
  2 goblins
  6 hobgoblins
  A quokka (D:3)
  6 frilled lizards
  9 kobolds
  11 rats
73 creatures vanquished.

Vanquished Creatures (collateral kills)
  An orc (D:3)
1 creature vanquished.

Grand Total: 74 creatures vanquished

Notes
Turn   | Place    | Note
-------+----------+-------------------------------------------
     0 | D:1      | Aesthetico the Kobold Chaos Knight began the quest for the
                  | Orb.
     0 | D:1      | Reached XP level 1. HP: 14/14 MP: 1/1
    92 | D:1      | Reached XP level 2. HP: 18/19 MP: 2/2
   143 | D:1      | XOM: divination: magic mapping
   174 | D:1      | Reached skill level 5 in Short Blades
   364 | D:1      | XOM: harmless Air miscast
   375 | D:1      | Reached XP level 3. HP: 23/23 MP: 3/3
   405 | D:1      | XOM: harmless Fire miscast
   509 | D:1      | XOM: mild Chrm miscast
   824 | D:2      | Reached skill level 6 in Short Blades
  1393 | D:2      | XOM: god gift: 22 sling bullets
  1492 | D:3      | XOM: noise
  1533 | D:3      | Reached XP level 4. HP: 26/28 MP: 4/4
  1604 | D:3      | XOM: silly message
  1694 | D:3      | XOM: cast spell 'Summon Butterflies'
  1713 | D:3      | Reached skill level 7 in Short Blades
  1717 | D:3      | Reached XP level 5. HP: 7/32 MP: 5/5
  1751 | D:3      | XOM: harmless Erth miscast
  1938 | D:3      | Found a glowing golden altar of the Shining One.
  1996 | D:3      | XOM: divination: detect items
  2108 | D:3      | XOM: harmless Tmut miscast
  2115 | D:3      | XOM: potion effect (invisibility)
  2116 | D:3      | XOM: silly message
  2125 | D:3      | Reached skill level 8 in Short Blades
  2140 | D:3      | XOM: medium Ice miscast
  2318 | D:3      | Reached XP level 6. HP: 32/37 MP: 6/6
  2436 | D:4      | XOM: mild Tloc miscast
  2439 | D:4      | Noticed an ogre
  2454 | D:4      | XOM: blink monster(s)
  2483 | D:4      | XOM: mild Air miscast
  2492 | D:4      | XOM: noise
  2495 | D:4      | Mangled by an ogre

Skill      XL: |  1  2  3  4  5 |
---------------+----------------+-----
Short Blades   | 5 6 7 8 |  8.8
Fighting       | |  3.2
Armour         | |  0.7
Dodging        | |  2.4

Action                   |  1- 3 |  4- 6 || total
-------------------------+-------+-------++-------
Melee: Short sword       |   100 |   139 ||   239
  Use: Scroll            |     5 |       ||     5
       Potion            |       |     2 ||     2
 Stab: Petrifying        |     1 |     1 ||     2
  Eat: Chunk             |     4 |     9 ||    13
Armor: Leather armour    |    31 |    23 ||    54
Dodge: Dodged            |    70 |    66 ||   136
